 Dungeon Crawl Stone Soup version 0.28.0 (webtiles) character file.

Game seed: 15893943069047479875

274 ytrimaz the Covered (level 6, -11/48 HPs)
             Began as a Demonspawn Fighter on Feb 11, 2022.
             Mangled by Crazy Yiuf (18 damage)
             ... on level 4 of the Dungeon.
             The game lasted 00:04:21 (3462 turns).

ytrimaz the Covered (Demonspawn Fighter)            Turns: 3462, Time: 00:04:21

Health: -11/48     AC:  6    Str: 28    XL:     6   Next: 3%
Magic:  4/6        EV: 11    Int:  9    God:
Gold:   232        SH:  0    Dex: 13    Spells: 5/5 levels left

rFire   . . .      SeeInvis +   g - +12 mace of Impeachment {vorpal, Fragile Str+4 SInv}
rCold   . . .      Faith    .   (no shield)
rNeg    . . .      Spirit   .   o - +3 leather armour
rPois   .          Reflect  .   (no helmet)
rElec   .          Harm     .   (no cloak)
rCorr   .          Rampage  .   (no gloves)
Will    .....                   (no boots)
Stlth   +.........              (no amulet)
HPRegen 0.16/turn               j - +6 ring of strength
MPRegen 0.10/turn               (no ring)

@: no status effects
A: powered by death 1, demonic touch 2
a: no special abilities


You were on level 4 of the Dungeon.
You visited 1 branch of the dungeon, and saw 4 of its levels.

You collected 232 gold pieces.

Inventory:

Hand Weapons
 a - a +0 rapier
 f - a +2 dagger of protection
 g - the +12 mace of Impeachment (weapon) {vorpal, Fragile Str+4 SInv}
   (You found it on level 4 of the Dungeon)

   It inflicts extra damage upon your enemies.
   Str:       It affects your strength (+4).
   SInv:      It lets you see invisible.
   Fragile:   It will be destroyed if unequipped.
Missiles
 i - a throwing net (quivered)
 l - 6 boomerangs
Armour
 o - a +3 leather armour (worn)
 p - a +0 plate armour
Jewellery
 j - a +6 ring of strength (left hand)
Wands
 n - a wand of flame (21)
Scrolls
 b - 2 scrolls of holy word
 e - 3 scrolls of teleportation
 h - 2 scrolls of enchant weapon
Potions
 c - 2 potions of resistance
 d - 3 potions of might
 k - a potion of attraction
 m - a potion of curing


   Skills:
 + Level 4.2 Fighting
 - Level 3.5 Short Blades
 + Level 4.3 Armour
 - Level 2.8 Shields


You had 5 spell levels left.
You didn't know any spells.
Your spell library contained the following spells:

 Spells                   Type           Power      Damage    Failure   Level
 Freeze                   Ice            0%         1d3       41%         1
 Ensorcelled Hibernation  Hex/Ice        0%         N/A       56%         2
 Passwall                 Tmut/Erth      0%         N/A       56%         2
 Frozen Ramparts          Ice            0%         1d2       80%         3
 Swiftness                Air            0%         N/A       80%         3
 Hailstorm                Conj/Ice       0%         3d3       99%         4


Dungeon Overview and Level Annotations

Branches:
Dungeon (4/15)
 Temple: D:4-7

Altars:
Trog

Shops:
D:1 =   D:2 (   D:4 =

Annotations:
D:4 Crazy Yiuf


Innate Abilities, Weirdness & Mutations

You regenerate a little health from kills.
Your touch may inflict irresistible damage on your foes.


Message History

Found an escape hatch in the ceiling.
There is an escape hatch in the ceiling here.
q - a potion of heal wounds You open the door.
There is an open door here.
There is an open door here.
Found a stone staircase leading up.
Key pressed, stopping explore.
No target in view!
You see here a +0 mace.
You see here a +1 mace of draining.
Crazy Yiuf shouts!
You see here a +0 mace.
Crazy Yiuf yells, "Scoff tea koolooloo!"
You see here a +0 mace.
You see here a +0 mace.
No reachable target in view!
Could not explore, unopened runed door.
Key pressed, stopping explore.
No reachable target in view!
No reachable target in view!
You open the door. You hit Crazy Yiuf but do no damage.
You touch Crazy Yiuf.
Crazy Yiuf is moderately wounded.
Crazy Yiuf hits you with a +3 quarterstaff of chaos!
You are electrocuted!
Crazy Yiuf hits you with a +3 quarterstaff of chaos!
* * * LOW HITPOINT WARNING * * *
You feel your power leaking away.
Unknown command.
You feel much better.
Crazy Yiuf screams, "Scoff!
Key fast disdain."
Crazy Yiuf barely misses you.
Unknown command.
You completely miss Crazy Yiuf.
Crazy Yiuf is moderately wounded.
Crazy Yiuf hits you with a +3 quarterstaff of chaos!
* * * LOW HITPOINT WARNING * * *
You convulse!!
You die...

### #.#
####.###
#####
...#...#
#).)#
.#.#...#
#)))#
.#.#...#####
)))
.#....#....#
#g#
####.###.###
♣@♣♣
...#.###.#
♣♣)♣
##.......#
♣)♣♣
..###.######
♣♣)♣
...#..#....#
♣♣)♣♣
...#.##.####
♣♣...♣
##.#.##'####
♣....♣
...........#
#....#
...........##
##..##


You could see Crazy Yiuf.

Vanquished Creatures
  Menkaure (D:4)
  A scorpion (D:3)
  3 adders
  A worm (D:3)
  5 dart slugs
  An orc (D:3)
  7 ball pythons
  7 endoplasms
  5 giant cockroaches
  4 goblins
  5 hobgoblins
  6 jackals
  4 kobolds
  2 quokkas
  3 bats
  2 frilled lizards
  3 rats
60 creatures vanquished.

Notes
Turn   | Place    | Note
-------+----------+-------------------------------------------
     0 | D:1      | ytrimaz the Demonspawn Fighter began the quest for the Orb.
     0 | D:1      | Reached XP level 1. HP: 18/18 MP: 1/1
   167 | D:1      | Gained mutation: Your touch may inflict minor irresistible
                  | damage on your foes. [demonic ancestry]
   167 | D:1      | Reached XP level 2. HP: 24/24 MP: 2/2
   684 | D:1      | Found Enesaul's Jewellery Boutique.
   919 | D:1      | Gained mutation: Your touch may inflict irresistible damage
                  | on your foes. [demonic ancestry]
   919 | D:1      | Reached XP level 3. HP: 27/29 MP: 3/3
  1911 | D:2      | Found Faesos's Antique Weapon Shop.
  1977 | D:3      | Reached XP level 4. HP: 36/36 MP: 4/4
  2022 | D:3      | Noticed a scorpion
  2032 | D:3      | Killed a scorpion
  2081 | D:3      | Gained mutation: You regenerate a little health from kills.
                  | [demonic ancestry]
  2081 | D:3      | Reached XP level 5. HP: 42/42 MP: 5/5
  2354 | D:3      | Found a bloodstained altar of Trog.
  2389 | D:3      | Found a faded altar of an unknown god.
  2764 | D:4      | Found Piciypn's Jewellery Shoppe.
  3022 | D:4      | Noticed Menkaure
  3035 | D:4      | Killed Menkaure
  3036 | D:4      | Reached XP level 6. HP: 48/48 MP: 6/6
  3097 | D:4      | Found a runed translucent door.
  3098 | D:4      | Noticed Crazy Yiuf
  3105 | D:4      | Identified the +12 mace of Impeachment {vorpal, Fragile
                  | Str+4 SInv}
  3462 | D:4      | Mangled by Crazy Yiuf

Illustrated notes

Levels and vault maps discovered:
D:1:      elethiomel_arrival_infinity_welcomes_careful_drivers, layout_rooms,
          serial_shops, nicolae_lakefront_shop, minmay_pentomino_x4
D:2:      layout_basic, serial_shops, shop
D:3:      layout_loops_ring, general_overflow_altar,
          shapermc_ecumenical_altar_hornbeckon
D:4:      nicolae_BIG_FREAKIN_CUBE, layout_basic, serial_shops,
          nicolae_shop_hallway_stairs, nrook_campfire, hangedman_decor_lopped,
          uniq_menkaure, uniq_crazy_yiuf_cottage

Skill      XL: |  1  2  3  4  5 |
---------------+----------------+-----
Short Blades   | 2 3 |  3.5
Armour         | 3 4 |  4.3
Fighting       | 4 |  4.2
Shields        | |  2.8

Action                   |  1- 3 |  4- 6 || total
-------------------------+-------+-------++-------
Melee: Rapier            |    37 |       ||    37
       Dagger            |    68 |    51 ||   119
       Touch             |    16 |    13 ||    29
       Punch             |       |     3 ||     3
       Mace              |       |     9 ||     9
  Use: Scroll            |     4 |     5 ||     9
       Potion            |       |     2 ||     2
Armor: Scale mail        |    45 |    15 ||    60
       Leather armour    |       |     4 ||     4
Dodge: Dodged            |    37 |    25 ||    62
Block: Buckler           |     4 |       ||     4
